 Dungeon Crawl Stone Soup version 0.30.1-11-g7821555f0a (webtiles) character file.

Game seed: 9536223461215510406

888 lonewolfV2 the Ducker (level 7, -1/57 HPs)
             Began as a Minotaur Fighter on Nov 2, 2023.
             Killed by divine providence
             ... invoked by an orc priest
              (10 damage)
             ... on level 5 of the Dungeon.
             The game lasted 00:05:28 (3495 turns).

lonewolfV2 the Ducker (Minotaur Fighter)            Turns: 3495, Time: 00:05:29

Health: -1/57      AC:  8    Str: 20    XL:     7   Next: 77%
Magic:  6/6        EV: 12    Int:  5    God:
Gold:   234        SH:  4    Dex: 12    Spells: 6/6 levels left

rFire   . . .        a - +0 war axe (venom)
rCold   . . .        c - +0 buckler
rNeg    . . .        b - +0 scale mail
rPois   .            (helmet restricted)
rElec   .            (no cloak)
rCorr   .            e - +0 pair of gloves
SInv    .            (no boots)
Will    .....        (no amulet) Stlth
                     (no ring)
HPRegen 0.29/turn    (no ring)
MPRegen 0.10/turn

%: no passive effects
@: lethally poisoned (-1 -> -2)
A: horns 2, retaliatory headbutt
a: no special abilities


You were on level 5 of the Dungeon.
You visited 1 branch of the dungeon, and saw 5 of its levels.

You collected 234 gold pieces.

Inventory:

Hand Weapons
 a - a +0 war axe of venom (weapon)
Armour
 b - a +0 scale mail (worn)
 c - a +0 buckler (worn)
 e - a +0 pair of gloves (worn)
Wands
 t - a wand of acid (9)
Scrolls
 l - a scroll of teleportation
 o - a scroll of enchant armour {unknown}
 p - a scroll of amnesia {unknown}
 q - a scroll of noise {unknown}
 u - 2 scrolls of identify
 v - a scroll of fog {unknown}
 w - 2 scrolls of magic mapping {unknown}
Potions
 d - 3 potions of might
 f - 3 potions of attraction
 g - a potion of invisibility
 h - 2 potions of mutation
 i - 2 potions of curing {unknown}
 j - 2 potions of magic {unknown}
 k - 2 potions of heal wounds
 m - 2 potions of resistance {unknown}
 n - a potion of brilliance {unknown}
 r - 2 potions of degeneration {unknown}
 s - a potion of cancellation {unknown}


   Skills:
 - Level 3.6 Fighting
 + Level 6.4 Axes
 - Level 3.6 Armour
 * Level 7.9 Dodging
 - Level 3.6 Shields


You had 6 spell levels left.
You didn't know any spells.
Your spell library contained the following spells:

 Spells                   Type           Power      Damage    Failure   Level
 Foxfire                  Conj/Fire      0%         2x1d4     88%         1
 Necrotise                Necr           0%         1d4       88%         1
 Vampiric Draining        Necr           0%         2d6       99%         3
 Agony                    Necr           0%         N/A       100%        5
 Fireball                 Conj/Fire      0%         3d3       100%        5
 Plasma Beam              Fire/Air       0%         2x1d11    100%        6
 Starburst                Conj/Fire      0%         6d3       100%        6


Dungeon Overview and Level Annotations

Branches:
Dungeon (5/15)
 Temple: D:4-7

Altars:
Trog

Shops:
D:3 (

Portals:
Abyss: D:4

Annotations:
D:4 2 transporters, middlethird's ghost, amateur VSMo


Innate Abilities, Weirdness & Mutations

You have a pair of horns on your head.
You reflexively headbutt those who attack you in melee.


Message History

You miss something.
You feel very sick. Something hits you.
You feel much better.
You feel very sick. You block something's attack.
You barely miss something. Your headbutt misses something.
You feel very sick. Something hits you but does no damage.
The orc priest looks braver for a moment.
You closely miss something.
You feel sick. Something hits you but does no damage.
You are more poisoned.
You miss something. Your headbutt misses something.
You feel very sick. Something hits you but does no damage.
You slash something! You headbutt something.
You feel very sick.
Reactivating autopickup.
You feel a bit more experienced. You block the orc's attack.
You closely miss the orc.
You feel very sick. You block the orc's attack.
You hit the orc but do no damage. You headbutt the orc!
You kill the orc!
You feel sick.
You closely miss the orc priest. You headbutt the orc priest!
The orc priest is severely wounded.
You feel sick.
The orc priest invokes the aid of Beogh against you.
Beogh smites you!
* * * LOW HITPOINT WARNING * * *
You closely miss the orc priest.
The orc priest is severely wounded.
You feel sick. The orc priest barely misses you.
You hit the orc priest but do no damage.
The orc priest is severely wounded.
You feel sick. The orc priest barely misses you.
The orc priest invokes the aid of Beogh against you.
Beogh smites you!
You die...

## #
.####.########
......o@.....#
#####
......######.#
#.... #####
#.# #.... #.#
#.... #.#
#.... #.#
##### #.# #.#
#########.#


You could see an orc priest.

Vanquished Creatures
  A black bear (D:5)
  2 ogres
  2 scorpions
  2 hounds (D:5)
  2 sleepcaps (D:5)
  3 iguanas
  Ijyb (D:3)
  3 orc wizards
  Robin (D:2)
  A gnoll (D:5)
  7 adders
  2 ufetubi (D:5)
  A worm (D:2)
  A dart slug (D:1)
  17 orcs
  6 ball pythons
  8 endoplasms
  19 goblins
  13 hobgoblins
  11 jackals
  4 kobolds
  A quokka (D:1)
  6 bats
  4 frilled lizards
  3 rats
121 creatures vanquished.

Notes
Turn   | Place    | Note
-------+----------+-------------------------------------------
     0 | D:1      | lonewolfV2 the Minotaur Fighter began the quest for the
                  | Orb.
     0 | D:1      | Reached XP level 1. HP: 19/19 MP: 0/0
   106 | D:1      | Reached skill level 1 in Dodging
   166 | D:1      | Reached XP level 2. HP: 26/26 MP: 1/1
   378 | D:1      | Reached skill level 2 in Dodging
   443 | D:1      | Reached XP level 3. HP: 31/31 MP: 2/2
   608 | D:2      | Noticed Robin
   620 | D:2      | Killed Robin
   621 | D:2      | Reached skill level 3 in Dodging
   727 | D:2      | Reached XP level 4. HP: 33/39 MP: 3/3
  1502 | D:3      | Reached skill level 4 in Dodging
  1650 | D:3      | Noticed Ijyb
  1662 | D:3      | Killed Ijyb
  1663 | D:3      | Reached XP level 5. HP: 41/45 MP: 4/4
  1671 | D:3      | Found Duohuas's Weapon Shop.
  1973 | D:4      | Reached skill level 5 in Dodging
  1988 | D:4      | Found a transporter.
  2020 | D:4      | Noticed a small abomination
  2021 | D:4      | Noticed a small abomination
  2063 | D:4      | Reached XP level 6. HP: 39/51 MP: 5/5
  2341 | D:4      | Found a one-way gate to the infinite horrors of the Abyss.
  2341 | D:4      | Noticed middlethird's ghost (amateur VSMo)
  2479 | D:4      | Reached skill level 5 in Axes
  2479 | D:4      | Reached skill level 6 in Dodging
  2639 | D:4      | Found a transporter.
  2661 | D:5      | Entered Level 5 of the Dungeon
  2819 | D:5      | Reached XP level 7. HP: 49/57 MP: 6/6
  2867 | D:5      | Found a bloodstained altar of Trog.
  2965 | D:5      | Reached skill level 7 in Dodging
  3495 | D:5      | Killed from afar by an orc priest

Illustrated notes

Levels and vault maps discovered:
D:1:      roderic_crossed_star, layout_basic
D:2:      layout_basic, uniq_robin
D:3:      layout_rooms, serial_shops, nicolae_shop_tiny_real_fake_doors,
          uniq_ijyb
D:4:      layout_loops_ring, gammafunk_ghost_abyssal_escape
D:5:      layout_basic, trog_antimagical

Skill      XL: |  1  2  3  4  5  6  7 |
---------------+----------------------+-----
Dodging        | 1 2 3 4 5 6 7 |  7.9
Axes           | 3 4 5 6 |  6.4
Fighting       | |  3.6
Armour         | |  3.6
Shields        | |  3.6

Action                     |  1- 3 |  4- 6 |  7- 9 || total
---------------------------+-------+-------+-------++-------
  Melee: War axe           |    67 |   102 |    44 ||   213
         Headbutt          |     9 |    12 |    11 ||    32
    Use: Scroll            |     2 |     5 |       ||     7
         Potion            |       |       |     2 ||     2
 Armour: Scale mail        |    50 |    37 |    29 ||   116
  Dodge: Dodged            |    42 |    62 |    30 ||   134
  Block: Buckler           |    21 |    29 |    14 ||    64
